 Dungeon Crawl Stone Soup version 0.22.0-21-g8bd1b0a (console) character file.

208042 removed the Spry (level 19, -2/131 HPs)
             Began as a Halfling Conjurer on Aug 18, 2018.
             Was the Champion of Kikubaaqudgha.
             Killed by the raging water
             ... invoked by a water nymph
              (44 damage)
             ... on level 1 of the Shoals on Aug 19, 2018.
             The game lasted 02:15:14 (47654 turns).

removed the Spry (Halfling Conjurer)               Turns: 47654, Time: 02:15:15

Health: -2/131     AC: 23    Str:  9    XL:     19   Next: 48%
Magic:  29/44      EV: 25    Int: 27    God:    Kikubaaqudgha [******]
Gold:   2661       SH:  7    Dex: 17    Spells: 4/36 levels left

rFire    . . .     SeeInvis +   a - +9 demon blade (pain)
rCold    + . .     Gourm    .   E - +0 buckler {rC+}
rNeg     . . .     Faith    .   u - +5 acid dragon scales
rPois    +         Spirit   .   Z - +0 helmet
rElec    .         Reflect  .   j - +0 cloak
rCorr    +         Harm     .   K - +2 pair of gloves of Cadghifro {MP+9 Int+4}
MR       +....                  D - +1 pair of boots
Stlth    +.........             W - amulet "Voffow" {+Rage Int+2}
HPRegen  1.31/turn              p - ring "Mimeec" {rPois Int+2 Stlth-}
MPRegen  0.29/turn              G - +3 ring of protection

@: regenerating, slowed, very slow
A: small, see invisible, high mp 1, mutation resistance 1
}: 1/15 runes: serpentine
a: Receive Corpses, Torment, Renounce Religion, Evoke Berserk Rage


You were on level 1 of the Shoals.
You worshipped Kikubaaqudgha.
Kikubaaqudgha was exalted by your worship.
You were not hungry.

You visited 5 branches of the dungeon, and saw 28 of its levels.
You also visited: Ossuary, Bailey and Ice Cave.

You collected 3692 gold pieces.
You spent 1031 gold pieces at shops.

Inventory:

Hand Weapons
 a - a +9 demon blade of pain (weapon)
 b - a +1 scimitar of flaming
 g - a +4 blowgun
Missiles
 y - 7 throwing nets (quivered)
Armour
 j - a +0 cloak (worn)
 u - +5 acid dragon scales (worn)
 D - a +1 pair of boots (worn)
 E - a +0 buckler of cold resistance (worn)
 K - the +2 pair of gloves of Cadghifro (worn) {MP+9 Int+4}
   (You found it on level 3 of the Snake Pit)

   It affects your intelligence (+4).
   It affects your magic capacity (+9).
 Z - a +0 helmet (worn)
Jewellery
 c - an uncursed ring of protection from cold
 f - an uncursed ring of protection from fire
 p - the ring "Mimeec" (left hand) {rPois Int+2 Stlth-}
   (You found it on level 9 of the Dungeon)

   [ring of attention]

   It affects your intelligence (+2).
   It protects you from poison.
   It makes you less stealthy.
 C - an uncursed amulet of regeneration {unknown}
 F - an uncursed ring of fire
 G - a +3 ring of protection (right hand)
 H - an uncursed amulet of the gourmand
 N - a cursed ring of teleportation {unknown}
 V - an uncursed ring of positive energy
 W - the amulet "Voffow" (around neck) {+Rage Int+2}
   (You took it off an orc in a bailey)

   [amulet of rage]

   It affects your intelligence (+2).
   It lets you go berserk.
Wands
 d - a wand of digging (27)
 s - a wand of acid (4)
 v - a wand of clouds (2)
 J - a wand of polymorph (33)
 X - a wand of iceblast (8)
Scrolls
 e - 4 scrolls of fog
 n - a scroll of summoning
 q - 5 scrolls of magic mapping
 M - 3 scrolls of fear
 P - 4 scrolls of amnesia
 R - 13 scrolls of identify
 S - 11 scrolls of teleportation
 T - 3 scrolls of enchant weapon
 U - 19 scrolls of remove curse
 Y - 3 scrolls of blinking
Potions
 h - 4 potions of brilliance
 l - 13 potions of curing
 o - 5 potions of heal wounds
 r - a potion of berserk rage
 t - a potion of cancellation
 x - 2 potions of ambrosia
 z - 2 potions of lignification
 A - 2 potions of flight
 B - 2 potions of magic
 I - 8 potions of might
 L - 5 potions of agility
 O - 6 potions of haste
 Q - a potion of resistance
Comestibles
 k - 36 rations
 w - 11 chunks of flesh


   Skills:
 - Level 12.0 Fighting
 - Level 14.0 Long Blades
 - Level 6.0 Armour
 - Level 15.0 Dodging
 - Level 2.1 Stealth
 - Level 7.2 Shields
 - Level 9.0 Spellcasting
 - Level 7.0 Conjurations
 - Level 4.5 Charms
 + Level 12.1 Necromancy
 - Level 4.0 Translocations
 - Level 10.0 Earth Magic


You had 4 spell levels left.
You knew the following spells:

 Your Spells              Type           Power        Failure   Level  Hunger
a - Magic Dart            Conj           ####         1%          1    None
c - Vampiric Draining     Necr           ######....   1%          3    None
e - Regeneration          Chrm/Necr      ######....   1%          3    None
g - Agony                 Necr           ######..     1%          5    ####...
i - Iskenderun's Mystic   Conj           ######..     4%          4    #......
l - Blink                 Tloc           N/A          2%          2    None
u - Dispel Undead         Necr           ######..     1%          5    ####...
v - Borgnjor's Vile Clut  Necr/Erth      ######....   2%          5    ####...
D - Animate Dead          Necr           N/A          1%          4    #......

Your spell library contained the following spells:

 Spells                   Type           Power        Failure   Level  Hunger
 Animate Skeleton         Necr           N/A          1%          1    None
 Infusion                 Chrm           ####         1%          1    None
 Pain                     Necr           ####         1%          1    None
 Sting                    Conj/Pois      ####         1%          1    None
 Searing Ray              Conj           ######       1%          2    None
 Shroud of Golubria       Chrm/Tloc      #####.....   1%          2    None
 Song of Slaying          Chrm           #####...     1%          2    None
 Sublimation of Blood     Necr           ######....   1%          2    None
 Conjure Flame            Conj/Fire      ####....     5%          3    None
 Dazzling Spray           Conj/Hex       ####..       5%          3    None
 Summon Small Mammal      Summ           ##..         8%          1    None
 Force Lance              Conj/Tloc      #####...     8%          4    #......
 Mephitic Cloud           Conj/Pois/Air  ###.....     9%          3    None
 Spectral Weapon          Hex/Chrm       ###.....     9%          3    None
 Call Imp                 Summ           ##......     11%         2    None
 Poisonous Vapours        Pois/Air       ##....       11%         2    None
 Slow                     Hex            ##......     11%         2    None
 Fulminant Prism          Conj/Hex       ####......   17%         4    #......
 Call Canine Familiar     Summ           ##......     22%         3    None
 Summon Guardian Golem    Hex/Summ       ##......     22%         3    None
 Olgreb's Toxic Radiance  Pois           ##......     58%         4    #......
 Summon Ice Beast         Ice/Summ       ##......     58%         4    #......
 Summon Lightning Spire   Summ/Air       ##......     58%         4    #......
 Death Channel            Necr           ######....   8%          6    ######.
 Venom Bolt               Conj/Pois      ####......   43%         5    ####...


Dungeon Overview and Level Annotations

Branches:
Dungeon (15/15)            Temple (0/1) D:7            Lair (6/6) D:10
 Shoals (1/4) Lair:3        Snake (4/4) Lair:2        Slime (0/5) Lair:6
    Orc (2/2) D:9             Elf (0/3) Orc:2        Vaults (0/5) D:13
 Depths (0/5) D:15

Altars:
Cheibriados
Dithmenos
Elyvilon
Fedhas
Gozag
Kikubaaqudgha
Nemelex Xobeh
Okawaru
Ru
Uskayaw
Xom

Shops:
D:4 !   D:9 !   D:12 *   Orc:2 ?(?}   Shoals:1 (%:}

Portals:
Pandemonium: Orc:2

Annotations:
D:9 1 runed door
D:11 2 runed doors, George's ghost, journeyman HOFi
Snake:2 1 runed door, Fobliqit's ghost, adept GrFi


Innate Abilities, Weirdness & Mutations

You are small and have problems with some larger weapons.
You are somewhat resistant to further mutation.
You have supernaturally acute eyesight. (SInv)
You have an increased reservoir of magic. (+10% MP)


Message History

Casting: Vampiric Draining (safe; 1% risk of failure)
Confirm with . or Enter, or press ? or * to list all spells.
Aiming: Vampiric Draining (safe; 1% risk of failure)
Press: ? - help, Shift-Dir - straight line, f - water nymph
Aim: a water nymph (moderately wounded)
The water nymph is heavily wounded.
You feel life coursing into your body. The water nymph completely misses you.
Unknown command.
Casting: Vampiric Draining (safe; 1% risk of failure)
Confirm with . or Enter, or press ? or * to list all spells.
Aiming: Vampiric Draining (safe; 1% risk of failure)
Press: ? - help, Shift-Dir - straight line, f/p - water nymph
Aim: a water nymph (heavily wounded)
The water nymph is severely wounded.
You feel life coursing into your body. The water nymph touches you.
The water nymph drowns you!
The water nymph points at you and mumbles some strange words.
The water swirls and strikes you!
You die...
Kikubaaqudgha rasps: "You have failed me!
Welcome... death!"

################
≈≈≈≈≈≈≈≈≈≈≈≈≈≈≈≈
≈≈≈≈≈≈≈≈≈≈≈≈≈≈≈≈
≈≈≈≈≈≈≈≈≈≈≈≈≈≈≈≈
≈≈≈≈≈≈m≈≈≈≈≈≈≈≈≈≈≈≈≈≈≈
≈≈≈≈.≈)@.≈≈≈≈≈≈≈≈≈≈≈≈≈≈≈
≈≈..#≈##!.####≈≈≈≈≈≈≈≈≈≈
. # ##..####≈≈≈≈≈≈≈≈≈≈
##.≈...##≈≈≈≈≈≈≈≈≈≈
#..≈≈..###....≈≈≈≈≈
#..≈≈≈≈≈..#.....≈≈≈≈
..≈≈≈≈≈≈≈≈))......≈≈≈
...≈≈≈≈≈≈≈≈)(.(.(.().≈
.#...≈≈≈≈≈.##(........


You could see a water nymph.

Vanquished Creatures
  A kraken (Shoals:1)
  Gastronok (D:9)
  Agnes (D:14)
  16 nagarajas
  2 orc warlords
  Azrael (Snake:1)
  2 merfolk impalers (Shoals:1)
  Josephine (D:15)
  An ogre mage (D:10)
  A fire dragon (Lair:6)
  21 naga warriors
  5 hydras
  Erolcha (D:12)
  A vault guard (D:13)
  A death knight (D:15)
  A rakshasa (D:15)
  14 anacondas
  2 centaur warriors
  A catoblepas (shapeshifter) (D:15)
  6 two-headed ogres
  7 orc high priests
  2 tengu warriors
  10 naga sharpshooters
  6 shock serpents
  A gelid demonspawn (Orc:2)
  An infernal demonspawn (Orc:2)
  13 sea snakes
  A glowing orange brain (D:15)
  3 unseen horrors
  7 naga ritualists
  A swamp dragon (Lair:6)
  A torturous demonspawn (Orc:2)
  A wizard (D:14)
  7 orc knights
  A necromancer (IceCv)
  7 orc sorcerers
  4 ugly things
  A wolf spider (D:13)
  2 deep elf magi
  11 mana vipers
  10 fauns (Shoals:1)
  2 cyclopes
  A moth of wrath (shapeshifter) (D:15)
  6 manticores
  5 elephants (Lair:3)
  10 salamanders
  A rust devil (Orc:2)
  An elephant (shapeshifter) (D:13)
  3 ice statues (IceCv)
  31 black mambas
  A water nymph (Shoals:1)
  10 guardian serpents
  25 naga magi
  A water nymph (shapeshifter) (D:15)
  9 spiny frogs
  A gargoyle (D:15)
  A torpor snail (Lair:6)
  An efreet (D:10)
  A kobold demonologist (D:15)
  6 rime drakes
  A tengu conjurer (D:13)
  4 komodo dragons
  A yaktaur (D:15)
  9 ice devils
  8 merfolk
  7 trolls
  3 blink frogs (Lair:2)
  6 hippogriffs
  11 polar bears
  3 raiju (Lair:6)
  A harpy skeleton (D:15)
  A snapping turtle (Shoals:1)
  15 slime creatures
  A water elemental (Shoals:1)
  A ynoxinul (Orc:2)
  A spriggan (shapeshifter) (D:15)
  The ghost of zhorgal the Magician, an amateur SpVM of Gozag (D:7)
  4 wraiths
  4 wyverns
  The ghost of stickyfingers the Ruffian, an amateur TrVM (D:3)
  46 yaks
  A fire elemental (Snake:1)
  A basilisk (D:14)
  Edmund (D:4)
  2 neqoxecs (Orc:2)
  A hungry ghost (D:15)
  A steam dragon (Lair:6)
  11 vampire mosquitoes
  63 nagas
  A warg (shapeshifter) (D:15)
  2 soldier ants
  8 wargs
  3 acid dragons
  Duvessa (D:4)
  17 hell hounds
  14 water moccasins
  9 porcupines
  13 black bears
  7 sky beasts
  3 ice beasts
  38 orc warriors
  4 eyes of draining
  3 swamp drakes (Lair:6)
  2 necrophages
  14 ogres
  5 phantoms
  3 boggarts (D:14)
  22 wolves
  15 centaurs
  13 crocodiles
  3 big kobolds
  18 bullfrogs
  3 elf zombies (Ossuary)
  Blork the orc (D:4)
  A wyvern zombie (D:14)
  Dowan (D:4)
  4 scorpions
  11 killer bees
  5 jellies
  2 vampire bats (D:4)
  11 wights
  3 howler monkeys
  3 electric eels
  9 crimson imps
  6 centaur zombies
  23 orc priests
  A bullfrog zombie (D:10)
  8 centaur skeletons
  A human zombie (Ossuary)
  7 hounds
  A bullfrog skeleton (D:5)
  Jessica (D:2)
  Ijyb (D:5)
  6 iguanas
  13 orc wizards
  A troll simulacrum (IceCv)
  11 worker ants
  A big kobold zombie (Ossuary)
  5 centaur simulacra (IceCv)
  A hound skeleton (D:10)
  2 mummies (Ossuary)
  11 gnolls
  12 adders
  2 naga simulacra (IceCv)
  2 ogre simulacra (IceCv)
  3 shadow imps
  7 oozes
  2 adder skeletons
  2 adder zombies
  3 dart slugs
  A worm (D:4)
  2 leopard geckos
  90 orcs
  5 bat skeletons (D:4)
  A bat zombie (D:4)
  3 giant cockroaches
  20 goblins
  19 hobgoblins
  7 jackals
  3 quokkas
  2 ball pythons
  8 bats
  3 frilled lizards
  A giant cockroach zombie (D:5)
  2 goblin zombies (Ossuary)
  12 hobgoblin zombies (Ossuary)
  27 kobolds
  11 kobold zombies (Ossuary)
  2 leopard gecko skeletons
  6 orc zombies (Ossuary)
  2 quokka zombies
  11 rats
  A fungus (Lair:3)
  7 plants
  2 tentacles (Shoals:1)
1156 creatures vanquished.

Vanquished Creatures (others)
  An adder (D:10)
  An orc (Orc:1)
  2 bushes (Lair:4)
  15 fungi
  28 plants
  5 tentacles (Shoals:1)
52 creatures vanquished.

Grand Total: 1208 creatures vanquished

Notes
Turn   | Place    | Note
-------+----------+-------------------------------------------
     0 | D:1      | removed the Halfling Conjurer began the quest for the Orb.
     0 | D:1      | Reached XP level 1. HP: 11/11 MP: 3/3
   276 | D:1      | Reached XP level 2. HP: 11/17 MP: 1/4
  1374 | D:2      | Reached XP level 3. HP: 16/21 MP: 0/5
  1547 | D:2      | Noticed Jessica
  1553 | D:2      | Killed Jessica
  1553 | D:2      | Reached XP level 4. HP: 23/27 MP: 0/6
  1611 | D:2      | Learned a level 2 spell: Searing Ray
  2716 | D:3      | Reached XP level 5. HP: 31/31 MP: 2/7
  2770 | D:3      | Found a runed door.
  2772 | D:3      | Noticed a bullfrog
  2773 | D:3      | Noticed stickyfingers's ghost (amateur TrVM)
  2806 | D:3      | Noticed a centaur
  2812 | D:3      | Gained mutation: You are weak. (Str -2) [potion of mutation]
  2812 | D:3      | Gained mutation: You are agile. (Dex +2) [potion of mutation]
  2818 | D:3      | Reached skill level 5 in Conjurations
  2831 | D:3      | Killed a centaur
  3271 | D:3      | Reached XP level 6. HP: 36/36 MP: 2/8
  3888 | D:3      | Noticed a phantom
  4055 | D:3      | Killed a phantom
  4402 | D:4      | Noticed Blork the orc
  4414 | D:4      | Killed Blork the orc
  4414 | D:4      | Reached XP level 7. HP: 33/41 MP: 1/10
  4508 | D:4      | Noticed Duvessa
  4508 | D:4      | Noticed Dowan
  4602 | D:4      | Found a sand-covered staircase.
  4612 | Ossuary  | Entered an ossuary
  5403 | Ossuary  | HP: 2/41 [elf zombie (4)]
  5948 | Ossuary  | Reached XP level 8. HP: 46/46 MP: 6/14
  6048 | D:4      | Found Focu's Distillery.
  6346 | D:4      | Bought a potion of heal wounds for 55 gold pieces
  6753 | D:4      | Found an ancient bone altar of Kikubaaqudgha.
  6760 | D:4      | Became a worshipper of Kikubaaqudgha
  7042 | D:4      | Noticed Edmund
  7109 | D:4      | Killed Duvessa
  7109 | D:4      | Reached skill level 3 in Dodging
  7122 | D:4      | Killed Dowan
  7122 | D:4      | Reached skill level 4 in Dodging
  7546 | D:5      | Entered Level 5 of the Dungeon
  7661 | D:5      | Reached skill level 1 in Fighting
  7923 | D:5      | Found a shimmering altar of Xom.
  8144 | D:5      | Noticed Ijyb
  8177 | D:5      | Killed Ijyb
  8309 | D:5      | Found a shadowy altar of Dithmenos.
  8361 | D:5      | Reached skill level 5 in Dodging
  8507 | D:5      | Found a snail-covered altar of Cheibriados.
  8518 | D:5      | Found a white marble altar of Elyvilon.
  8519 | D:5      | Found a hide-covered altar of Uskayaw.
  8521 | D:5      | Found a sparkling altar of Nemelex Xobeh.
  8756 | D:6      | Reached * piety under Kikubaaqudgha
  8756 | D:6      | Identified Kikubaaqudgha's Volume of Black Secrets (Kikubaaqudgha gifted it to you on level 6 of the Dungeon)
  8756 | D:6      | Received a gift from Kikubaaqudgha
  8756 | D:6      | Reached XP level 9. HP: 33/55 MP: 1/15
  9269 | D:6      | Learned a level 3 spell: Regeneration
  9311 | D:6      | Reached skill level 1 in Charms
  9418 | D:6      | Reached skill level 1 in Necromancy
  9499 | D:6      | Got an ancient hunting sling
  9622 | D:6      | Reached ** piety under Kikubaaqudgha
  9830 | D:6      | Found a blossoming altar of Fedhas.
 10367 | D:7      | Found a staircase to the Ecumenical Temple.
 10535 | D:7      | Found a transporter.
 10535 | D:7      | Noticed zhorgal's ghost (amateur SpVM)
 10536 | D:7      | Noticed a two-headed ogre
 10541 | D:7      | Found a transporter.
 10799 | D:8      | Found a flagged portal.
 10810 | Bailey   | Entered a bailey
 10824 | Bailey   | Reached *** piety under Kikubaaqudgha
 10824 | Bailey   | Identified Kikubaaqudgha's Almanac of Black Rituals (Kikubaaqudgha gifted it to you in a bailey)
 10824 | Bailey   | Received a gift from Kikubaaqudgha
 11089 | Bailey   | Noticed an orc knight
 11098 | Bailey   | Noticed an orc knight
 11108 | Bailey   | Killed an orc knight
 11108 | Bailey   | Reached skill level 5 in Necromancy
 11108 | Bailey   | Reached XP level 10. HP: 44/63 MP: 13/16
 11145 | Bailey   | Killed an orc knight
 11347 | Bailey   | Learned a level 4 spell: Animate Dead
 11356 | Bailey   | Got a crude ruby amulet
 11365 | Bailey   | Found a bloodstained altar of Trog.
 11412 | Bailey   | Identified the amulet "Voffow" {+Rage Int+2} (You took it off an orc in a bailey)
 11877 | D:8      | Reached skill level 6 in Dodging
 12041 | D:8      | Learned a level 2 spell: Blink
 12453 | D:9      | Reached skill level 7 in Dodging
 12626 | D:9      | Found a runed door.
 12626 | D:9      | Noticed a sixfirhy
 12667 | D:9      | Found an iron altar of Okawaru.
 12671 | D:9      | Got a slimy bone ring
 12672 | D:9      | Identified the ring "Mimeec" {rPois Int+2 Stlth-} (You found it on level 9 of the Dungeon)
 12845 | D:9      | Found a staircase to the Orcish Mines.
 12883 | D:9      | Noticed Gastronok
 13037 | D:9      | Found Inurorat's Distillery.
 13054 | D:9      | Bought 2 potions of heal wounds for 140 gold pieces
 13054 | D:9      | Bought a potion of berserk rage for 70 gold pieces
 13261 | D:9      | Reached skill level 5 in Fighting
 13626 | D:4      | Bought 2 potions of haste for 220 gold pieces
 13626 | D:4      | Bought a potion of might for 44 gold pieces
 13626 | D:4      | Bought a potion of lignification for 33 gold pieces
 14377 | D:4      | Found an ancient bone altar of Kikubaaqudgha.
 14415 | D:4      | Found an ancient bone altar of Kikubaaqudgha.
 14596 | D:4      | Found Focu's Distillery.
 14641 | D:4      | Killed Edmund
 14962 | D:10     | Entered Level 10 of the Dungeon
 14998 | D:10     | Learned a level 3 spell: Vampiric Draining
 15251 | D:10     | Found a staircase to the Lair.
 15431 | D:10     | Reached XP level 11. HP: 71/71 MP: 1/18
 15633 | D:10     | Reached skill level 5 in Spellcasting
 15827 | D:10     | Noticed a deep elf mage
 15832 | D:10     | Noticed a soul eater
 15879 | D:10     | Killed a deep elf mage
 16069 | D:10     | Reached **** piety under Kikubaaqudgha
 16911 | D:10     | Reached skill level 1 in Long Blades
 16955 | D:10     | Noticed an ogre mage
 16965 | D:10     | Killed an ogre mage
 17359 | Lair:1   | Entered Level 1 of the Lair of Beasts
 17875 | Lair:1   | Reached skill level 5 in Long Blades
 18025 | Lair:1   | Reached XP level 12. HP: 77/77 MP: 13/19
 18718 | Lair:2   | Noticed a five-headed hydra
 18954 | Lair:2   | Got a translucent leather armour
 18966 | Lair:2   | Identified the +0 leather armour of Okawaru's Esteem {Regen+} (You found it on level 2 of the Lair of Beasts)
 19140 | Lair:2   | Found a staircase to the Snake Pit.
 19662 | Lair:3   | Found a frozen archway.
 19700 | IceCv    | Entered an ice cave
 19791 | IceCv    | Learned a level 4 spell: Iskenderun's Mystic Blast
 20494 | IceCv    | Reached skill level 10 in Long Blades
 20536 | IceCv    | Reached ***** piety under Kikubaaqudgha
 21628 | Lair:3   | Noticed a five-headed hydra
 21646 | Lair:2   | Reached XP level 13. HP: 76/81 MP: 20/20
 22493 | Lair:3   | Reached skill level 8 in Dodging
 22809 | Lair:3   | Found a staircase to the Shoals.
 23377 | Lair:4   | Noticed a six-headed hydra
 23457 | Lair:4   | Reached skill level 9 in Dodging
 24946 | Lair:5   | Noticed an eight-headed hydra
 25270 | Lair:6   | Entered Level 6 of the Lair of Beasts
 25270 | Lair:6   | Noticed an eight-headed hydra
 25599 | Lair:6   | Got a pitted flail
 25744 | Lair:6   | Reached skill level 10 in Dodging
 25807 | Lair:6   | Found a staircase to the Slime Pits.
 26208 | Lair:6   | Reached ****** piety under Kikubaaqudgha
 26208 | Lair:6   | Reached XP level 14. HP: 57/92 MP: 8/21
 26368 | Lair:6   | Reached skill level 10 in Necromancy
 27347 | D:10     | Identified a scroll of acquirement
 28811 | Lair:6   | Learned a level 5 spell: Dispel Undead
 29144 | D:3      | Identified a +9 demon blade of pain (a +9 demon blade of freezing bloodied by Kikubaaqudgha)
 29144 | D:3      | Received a gift from Kikubaaqudgha
 29253 | D:3      | Killed stickyfingers's ghost
 29374 | D:7      | Killed zhorgal's ghost
 29647 | D:11     | Noticed a lich
 29647 | D:11     | Noticed George's ghost (journeyman HOFi)
 29849 | D:11     | Noticed a fire giant
 29852 | D:11     | Noticed an azure jelly
 29852 | D:11     | a fire giant changed into an azure jelly
 30046 | D:11     | Found a runed door.
 30132 | D:11     | Found a runed door.
 30192 | D:11     | Found a sacrificial altar of Ru.
 30325 | Orc:1    | Entered Level 1 of the Orcish Mines
 30338 | Orc:1    | Noticed an orc warlord
 30477 | D:9      | Learned a level 5 spell: Agony
 30521 | D:9      | Killed an orc warlord
 30695 | Orc:1    | Noticed an orc warlord
 30796 | D:9      | Killed Gastronok
 31054 | D:12     | Noticed Erolcha
 31062 | D:12     | Killed Erolcha
 31342 | D:12     | Found Aliyck's General Store.
 31390 | D:12     | Reached XP level 15. HP: 97/97 MP: 23/25
 32034 | Orc:1    | Paralysed by an orc sorcerer for 2 turns
 32248 | Orc:1    | Killed an orc warlord
 32260 | Orc:1    | Reached skill level 11 in Dodging
 32366 | Orc:1    | Reached skill level 1 in Armour
 32696 | Orc:2    | Entered Level 2 of the Orcish Mines
 33325 | Orc:2    | Found a staircase to the Elven Halls.
 33467 | Orc:2    | Found Xuvugeir's Magic Scroll Boutique.
 33471 | Orc:2    | Found Ratsora's Magic Scroll Shop.
 33471 | Orc:2    | Gained mutation: You tend to lose your temper in combat. [a neqoxec]
 33472 | Orc:2    | Gained mutation: You are frail. (-10% HP) [a neqoxec]
 33479 | Orc:2    | Lost mutation: You are agile. (Dex +2) [potion of mutation]
 33479 | Orc:2    | Lost mutation: You are frail. (-10% HP) [potion of mutation]
 33479 | Orc:2    | Gained mutation: You have a pair of small antennae on your head. [potion of mutation]
 33479 | Orc:2    | Gained mutation: You have an increased reservoir of magic. (+10% MP) [potion of mutation]
 33671 | D:4      | Bought a potion of mutation for 88 gold pieces
 33671 | D:4      | Lost mutation: You tend to lose your temper in combat. [potion of mutation]
 33671 | D:4      | Lost mutation: You are weak. (Str -2) [potion of mutation]
 33671 | D:4      | Lost mutation: You have a pair of small antennae on your head. [potion of mutation]
 33671 | D:4      | Gained mutation: You have supernaturally acute eyesight. (SInv) [potion of mutation]
 33899 | Orc:2    | Reached skill level 5 in Armour
 34212 | Orc:2    | Reached skill level 1 in Shields
 34369 | Orc:2    | Paralysed by an orc sorcerer for 2 turns
 34440 | Orc:2    | Found Elatuz's Gadget Shoppe.
 34440 | Orc:2    | Found Miuhu's Antique Weapon Emporium.
 34440 | Orc:2    | Found a one-way gate leading to the halls of Pandemonium.
 34514 | Orc:2    | Bought a scroll of teleportation for 45 gold pieces
 34514 | Orc:2    | Bought a scroll of fear for 52 gold pieces
 34516 | Orc:2    | Bought a scroll of teleportation for 45 gold pieces
 34686 | D:4      | Bought a potion of heal wounds for 55 gold pieces
 34686 | D:4      | Bought a potion of agility for 44 gold pieces
 34908 | D:13     | Reached skill level 5 in Shields
 35640 | D:13     | Found a gate to the Vaults.
 35879 | D:14     | Reached XP level 16. HP: 106/106 MP: 29/29
 36679 | D:15     | Entered Level 15 of the Dungeon
 36683 | D:15     | Noticed Josephine
 37015 | D:15     | Noticed Agnes
 37027 | D:14     | Killed Agnes
 37293 | D:9      | Bought a potion of resistance for 140 gold pieces
 37840 | D:15     | Killed Josephine
 38009 | D:15     | Reached skill level 12 in Dodging
 38271 | D:15     | Found a staircase to the Depths.
 38986 | Lair:2   | Upgraded the game from 0.22.0-18-ge075c0d to 0.22.0-21-g8bd1b0a
 38987 | Snake:1  | Entered Level 1 of the Snake Pit
 39386 | Snake:1  | Noticed Azrael
 39390 | Snake:1  | HP: 4/108 [hell hound/blast of flame[Azrael] (10)]
 39702 | Snake:1  | Reached XP level 17. HP: 77/112 MP: 23/33
 39811 | Snake:1  | Killed Azrael
 40979 | Snake:2  | Found a runed door.
 41118 | Snake:2  | Learned a level 5 spell: Borgnjor's Vile Clutch
 41192 | Snake:2  | Reached skill level 1 in Earth Magic
 41331 | Snake:2  | Found an opulent altar of Gozag.
 41926 | Snake:2  | Reached skill level 5 in Earth Magic
 42069 | Snake:2  | Noticed Fobliqit's ghost (adept GrFi)
 43254 | Snake:3  | Reached XP level 18. HP: 90/118 MP: 34/34
 43392 | Snake:3  | Reached skill level 10 in Earth Magic
 44116 | Snake:3  | Got a pair of ichor-stained gloves
 44507 | Snake:3  | Identified the +2 pair of gloves of Cadghifro {MP+9 Int+4} (You found it on level 3 of the Snake Pit)
 44547 | Snake:4  | Entered Level 4 of the Snake Pit
 44598 | Snake:4  | Reached skill level 10 in Fighting
 44615 | Snake:4  | Reached skill level 1 in Translocations
 45650 | Snake:4  | Reached skill level 13 in Dodging
 45983 | Snake:4  | Reached skill level 14 in Dodging
 45998 | Snake:4  | Reached XP level 19. HP: 99/128 MP: 35/35
 46593 | Snake:4  | Reached skill level 15 in Dodging
 46668 | Snake:4  | Got a serpentine rune of Zot
 46894 | Shoals:1 | Entered Level 1 of the Shoals
 46894 | Shoals:1 | Found Bylier's Book Shop.
 47087 | Shoals:1 | Found Temaf's Weapon Boutique.
 47440 | Shoals:1 | Found Daceget's Food Shoppe.
 47450 | Shoals:1 | Found Vuhi Ysi's Gadget Emporium.
 47654 | Shoals:1 | Killed from afar by a water nymph

Skill      XL: |  1  2  3  4  5  6  7  8  9 10 11 12 13 14 15 16 17 18 19 |
---------------+----------------------------------------------------------+-----
Conjurations   | 4 5 6 7 |  7.0
Spellcasting   | 2 4 5 7 9 |  9.0
Dodging        | 5 7 10 11 12 14 15 | 15.0
Fighting       | 2 4 5 7 8 9 11 12 | 12.0
Charms         | 4 |  4.5
Necromancy     | 5 6 9 10 11 12 | 12.1
Long Blades    | 5 11 12 14 | 14.0
Armour         | 6 |  6.0
Shields        | 7 |  7.2
Earth Magic    | 9 10 | 10.0
Translocations | 4 |  4.0
Stealth        | |  2.1

Action                   |  1- 3 |  4- 6 |  7- 9 | 10-12 | 13-15 | 16-18 | 19-21 || total
-------------------------+-------+-------+-------+-------+-------+-------+-------++-------
Melee: Hand axe          |    13 |    20 |    23 |       |       |       |       ||    56
       Whip              |       |       |   203 |     1 |       |       |       ||   204
       Dagger            |       |       |       |   136 |       |       |       ||   136
       Broad axe         |       |       |       |     3 |       |       |       ||     3
       Demon blade       |       |       |       |   352 |  1233 |  1371 |   224 ||  3180
       Scimitar          |       |       |       |       |    13 |    13 |       ||    26
 Cast: Magic Dart        |    47 |    78 |    92 |    97 |     2 |       |       ||   316
       Searing Ray       |       |    12 |    90 |    73 |     1 |       |       ||   176
       Regeneration      |       |       |     1 |    44 |   114 |   116 |    20 ||   295
       Animate Dead      |       |       |       |     2 |       |       |       ||     2
       Vampiric Draining |       |       |       |    16 |    42 |    37 |     6 ||   101
       Iskenderun's Myst |       |       |       |    27 |       |       |       ||    27
       Agony             |       |       |       |       |    22 |    16 |     3 ||    41
       Dispel Undead     |       |       |       |       |    14 |    13 |       ||    27
       Blink             |       |       |       |       |     1 |     1 |       ||     2
       Borgnjor's Vile C |       |       |       |       |       |    25 |    13 ||    38
Invok: Brand Weapon With |       |       |       |       |     1 |       |       ||     1
 Abil: Evoke Berserk Rag |       |       |       |       |     2 |       |       ||     2
Evoke: Wand              |       |       |    19 |    13 |     9 |     6 |       ||    47
  Use: Potion            |       |     4 |     4 |     5 |     5 |     5 |     1 ||    24
       Scroll            |       |     3 |    13 |    14 |    16 |     9 |     1 ||    56
 Stab: Sleeping          |       |       |     1 |       |       |       |       ||     1
       Confused          |       |       |       |       |     2 |       |       ||     2
  Eat: Chunk             |     3 |    12 |    15 |    24 |    50 |    26 |     7 ||   137
       Ration            |       |       |     3 |     6 |     4 |     8 |       ||    21
Armor: Robe              |     2 |     7 |    12 |       |       |       |       ||    21
       Leather armour    |       |       |    74 |   151 |   118 |       |       ||   343
       Skin              |       |       |     7 |     5 |    45 |       |       ||    57
       Acid dragon scale |       |       |       |       |   180 |   272 |    48 ||   500
Dodge: Dodged            |    20 |    41 |   297 |   586 |   980 |   840 |   199 ||  2963
Block: Buckler           |       |       |       |       |    52 |   378 |    79 ||   509
       Rpst.: Demon blade |       |       |       |    92 |   247 |   188 |    27 ||   554
       Scimitar          |       |       |       |       |     1 |       |       ||     1
